[ AOE2 MATCH · #473279979 ]
UnrankedEthiopians vs Incas
Player's team · LOSS
Rival team · WIN
[ REPLAY ANALYSIS · EXTRACTED FROM THE RECORDED GAME ]
Feudal
8:56
Castle
—
Imperial
—
| APM avg | 57.9 |
| APM peak | 83 |
| eAPM avg | 20.4 |
| Villagers / military | 42 / 8 |
Focus
⚔️ 26.1% · 🌾 73.9%
Archer ×8
Feudal
9:16
Castle
—
Imperial
—
| APM avg | 54.0 |
| APM peak | 94 |
| eAPM avg | 18.3 |
| Villagers / military | 40 / 17 |
Focus
⚔️ 31.1% · 🌾 68.9%
Skirmisher ×16 · Archer ×1
Match map
Initial resources + every placement click. Lines = walls · curves = elevation contours. ◆ gold · ⬟ stone · ● berries · ✦ relic · ◌ wall gap
Your base
Upgraded's base
Smoothed initial terrain · ◌ = detected wall gap · hover for details
Inputs per minute
— 短路 - - Upgraded
Build order — 短路
110 actions detected in the replay
| 0:00 | Queue | Villager (Male) |
| 0:01 | Queue | Villager (Male) |
| 0:02 | Build | House |
| 0:03 | Build | House |
| 0:20 | Queue | Villager (Male) |
| 0:20 | Queue | Villager (Male) |
| 1:25 | Queue | Villager (Male) |
| 1:53 | Build | Lumber Camp |
| 2:00 | Queue | Villager (Male) |
| 2:01 | Queue | Villager (Male) |
| 2:25 | Queue | Villager (Male) |
| 2:25 | Queue | Villager (Male) |
| 2:41 | Queue | Villager (Male) |
| 3:23 | Queue | Villager (Male) |
| 3:23 | Queue | Villager (Male) |
| 3:23 | Queue | Villager (Male) |
| 3:41 | Build | House |
| 4:00 | Queue | Villager (Male) |
| 4:15 | Build | Mill |
| 4:28 | Queue | Villager (Male) |
| 4:28 | Queue | Villager (Male) |
| 5:22 | Build | Palisade Wall |
| 5:23 | Build | Palisade Wall |
| 5:25 | Build | Palisade Wall |
| 5:30 | Queue | Villager (Male) |
| 5:43 | Queue | Villager (Male) |
| 5:43 | Queue | Villager (Male) |
| 5:43 | Queue | Villager (Male) |
| 6:09 | Research | Loom |
| 6:47 | Research | Feudal Age |
| 7:21 | Build | Barracks |
| 8:04 | Queue | Villager (Male) |
| 8:08 | Build | House |
| 8:39 | Build | Palisade Wall |
| 8:56 | Age | Feudal Age |
| 8:59 | Queue | Villager (Male) |
| 9:04 | Build | Archery Range |
| 9:10 | Research | Double-Bit Axe |
| 9:16 | Build | House |
| 9:17 | Queue | Villager (Male) |
| 9:26 | Build | House |
| 9:31 | Build | Mining Camp |
| 9:53 | Build | Mill |
| 9:56 | Build | Palisade Wall |
| 10:00 | Queue | Villager (Male) |
| 10:07 | Build | House |
| 10:25 | Queue | Villager (Male) |
| 10:31 | Queue | Archer |
| 10:33 | Build | Palisade Wall |
| 10:41 | Build | House |
| 10:43 | Queue | Archer |
| 10:44 | Queue | Villager (Male) |
| 10:48 | Build | Palisade Wall |
| 10:58 | Build | Palisade Wall |
| 11:03 | Build | Farm |
| 11:10 | Build | Farm |
| 11:13 | Queue | Archer |
| 11:24 | Build | Palisade Wall |
| 11:26 | Build | Palisade Wall |
| 11:28 | Queue | Villager (Male) |
| 11:34 | Build | House |
| 11:43 | Queue | Archer |
| 11:44 | Queue | Villager (Male) |
| 11:48 | Build | Farm |
| 12:04 | Build | Palisade Wall |
| 12:06 | Queue | Archer |
| 12:07 | Queue | Villager (Male) |
| 12:08 | Queue | Villager (Male) |
| 12:08 | Queue | Villager (Male) |
| 12:08 | Queue | Villager (Male) |
| 12:12 | Build | Farm |
| 12:15 | Build | House |
| 12:24 | Build | Palisade Wall |
| 12:24 | Build | Palisade Wall |
| 12:46 | Build | Farm |
| 12:48 | Build | Farm |
| 13:07 | Build | House |
| 13:10 | Build | House |
| 13:16 | Build | Farm |
| 13:24 | Queue | Archer |
| 13:41 | Build | Building 800 |
| 13:48 | Build | Farm |
| 13:52 | Queue | Villager (Male) |
| 13:56 | Queue | Archer |
| 14:14 | Queue | Villager (Male) |
| 14:27 | Build | Palisade Wall |
| 14:37 | Build | Palisade Wall |
| 14:38 | Queue | Villager (Male) |
| 15:05 | Build | Blacksmith |
| 15:06 | Queue | Villager (Male) |
| 15:28 | Build | Farm |
| 15:28 | Queue | Villager (Male) |
| 15:39 | Build | Farm |
| 15:44 | Build | Farm |
| 15:51 | Queue | Villager (Male) |
| 15:55 | Research | Fletching |
| 16:18 | Queue | Villager (Male) |
| 16:26 | Build | Building 796 |
| 16:50 | Queue | Villager (Male) |
| 17:20 | Queue | Villager (Male) |
| 17:26 | Research | Castle Age |
| 17:26 | Research | Castle Age |
| 17:33 | Build | Lumber Camp |
| 17:59 | Queue | Archer |
| 18:04 | Build | Building 796 |
| 18:06 | Build | Palisade Wall |
| 18:08 | Build | Palisade Gate |
| 18:17 | Queue | Villager (Male) |
| 18:19 | Build | House |
| 18:25 | Build | Palisade Gate |
Build order — Upgraded
99 actions detected in the replay
| 0:00 | Queue | Villager (Male) |
| 0:01 | Queue | Villager (Male) |
| 0:02 | Build | House |
| 0:03 | Build | House |
| 0:09 | Queue | Villager (Male) |
| 0:10 | Queue | Villager (Male) |
| 1:23 | Queue | Villager (Male) |
| 1:24 | Queue | Villager (Male) |
| 1:58 | Queue | Villager (Male) |
| 2:14 | Queue | Villager (Male) |
| 2:46 | Queue | Villager (Male) |
| 3:14 | Build | Settlement |
| 3:19 | Queue | Villager (Male) |
| 3:21 | Queue | Villager (Male) |
| 4:07 | Queue | Villager (Male) |
| 4:29 | Queue | Villager (Male) |
| 4:59 | Queue | Villager (Male) |
| 5:19 | Queue | Villager (Male) |
| 5:47 | Build | Settlement |
| 5:49 | Queue | Villager (Male) |
| 6:08 | Research | Loom |
| 6:41 | Queue | Villager (Male) |
| 7:04 | Research | Feudal Age |
| 7:04 | Research | Feudal Age |
| 8:02 | Build | Barracks |
| 8:59 | Build | Palisade Wall |
| 9:15 | Queue | Villager (Male) |
| 9:15 | Queue | Villager (Male) |
| 9:16 | Age | Feudal Age |
| 9:26 | Build | Archery Range |
| 9:32 | Research | Double-Bit Axe |
| 9:32 | Research | Double-Bit Axe |
| 9:54 | Build | Palisade Wall |
| 9:57 | Queue | Villager (Male) |
| 10:05 | Queue | Archer |
| 10:06 | Queue | Skirmisher |
| 10:22 | Queue | Villager (Male) |
| 10:35 | Research | Horse Collar |
| 10:39 | Queue | Villager (Male) |
| 10:43 | Build | Farm |
| 10:49 | Queue | Skirmisher |
| 10:53 | Build | Palisade Wall |
| 10:56 | Queue | Villager (Male) |
| 11:02 | Build | Palisade Wall |
| 11:13 | Queue | Villager (Male) |
| 11:21 | Queue | Skirmisher |
| 11:28 | Queue | Villager (Male) |
| 11:36 | Queue | Villager (Male) |
| 11:39 | Build | Farm |
| 11:49 | Queue | Skirmisher |
| 11:57 | Build | Palisade Wall |
| 11:59 | Queue | Villager (Male) |
| 12:07 | Queue | Villager (Male) |
| 12:11 | Queue | Skirmisher |
| 12:24 | Queue | Skirmisher |
| 12:42 | Queue | Villager (Male) |
| 12:43 | Queue | Skirmisher |
| 12:44 | Build | Farm |
| 12:46 | Build | Farm |
| 13:05 | Build | House |
| 13:11 | Build | Farm |
| 13:19 | Queue | Villager (Male) |
| 13:24 | Build | Farm |
| 13:38 | Queue | Skirmisher |
| 13:46 | Queue | Villager (Male) |
| 13:58 | Build | Blacksmith |
| 14:06 | Queue | Villager (Male) |
| 14:07 | Queue | Skirmisher |
| 14:38 | Queue | Villager (Male) |
| 14:42 | Research | Fletching |
| 14:48 | Queue | Skirmisher |
| 15:01 | Queue | Villager (Male) |
| 15:02 | Queue | Skirmisher |
| 15:08 | Build | Farm |
| 15:12 | Queue | Skirmisher |
| 15:20 | Research | Padded Archer Armor |
| 15:31 | Queue | Villager (Male) |
| 15:33 | Build | Market |
| 15:46 | Queue | Villager (Male) |
| 15:56 | Build | Farm |
| 16:15 | Queue | Villager (Male) |
| 16:16 | Queue | Skirmisher |
| 16:37 | Queue | Villager (Male) |
| 16:38 | Queue | Skirmisher |
| 16:46 | Queue | Villager (Male) |
| 16:49 | Build | House |
| 17:12 | Queue | Villager (Male) |
| 17:15 | Build | Farm |
| 17:15 | Build | Farm |
| 17:15 | Build | Farm |
| 17:16 | Build | Farm |
| 17:16 | Build | Farm |
| 17:16 | Build | Farm |
| 17:24 | Build | Farm |
| 17:24 | Build | Farm |
| 17:24 | Build | Farm |
| 17:25 | Build | Farm |
| 17:32 | Queue | Skirmisher |
| 17:43 | Queue | Skirmisher |
Match timeline
| 5:22 | 短路 · wall_segment Palisade Wall x1 |
| 5:23 | 短路 · wall_segment Palisade Wall x1 |
| 5:25 | 短路 · wall_segment Palisade Wall x1 |
| 7:21 | 短路 · first_building Barracks |
| 8:02 | Upgraded · first_building Barracks |
| 8:39 | 短路 · wall_segment Palisade Wall x1 |
| 8:56 | 短路 · age_up feudal |
| 8:59 | Upgraded · wall_segment Palisade Wall x11 |
| 9:04 | 短路 · first_building Archery Range |
| 9:16 | Upgraded · age_up feudal |
| 9:26 | Upgraded · first_building Archery Range |
| 9:54 | Upgraded · wall_segment Palisade Wall x16 |
| 9:56 | 短路 · wall_segment Palisade Wall x7 |
| 10:33 | 短路 · wall_segment Palisade Wall x1 |
| 10:48 | 短路 · wall_segment Palisade Wall x3 |
| 10:53 | Upgraded · wall_segment Palisade Wall x5 |
| 10:58 | 短路 · wall_segment Palisade Wall x6 |
| 11:02 | Upgraded · wall_segment Palisade Wall x15 |
| 11:24 | 短路 · wall_segment Palisade Wall x1 |
| 11:26 | 短路 · wall_segment Palisade Wall x6 |
| 11:57 | Upgraded · wall_segment Palisade Wall x6 |
| 12:04 | 短路 · wall_segment Palisade Wall x4 |
| 12:24 | 短路 · wall_segment Palisade Wall x1 |
| 12:24 | 短路 · wall_segment Palisade Wall x1 |
| 14:27 | 短路 · wall_segment Palisade Wall x1 |
| 14:37 | 短路 · wall_segment Palisade Wall x1 |
| 17:35 | Upgraded · first_market_buy 100 food |
| 17:37 | Upgraded · first_market_sell 100 stone |
| 18:06 | 短路 · wall_segment Palisade Wall x1 |
| 18:34 | 短路 · resign |
[ AI ANALYSIS · 1 CREDIT ]
What really happened in this match?
Wolo.gg analyzes every decision: build order, eco, micro, common mistakes by bracket. Personalized analysis on WhatsApp or Discord in 30 seconds.
Civ guide
Ethiopians
Perfil
Jugador #10935496